 Dungeon Crawl Stone Soup version 0.24.1-14-gf8d2b509d9 (webtiles) character file.

Game seed: 3404845590591535602, levelgen mode: deterministic

5684 Jumperg the Archer (level 10, -14/77 HPs)
             Began as a Centaur Arcane Marksman on June 11, 2020.
             Was a Priest of Fedhas.
             Demolished by a hornet (15 damage)
             ... while paralysed by a hornet
             ... on level 9 of the Dungeon on June 18, 2020.
             The game lasted 03:13:32 (16140 turns).

Jumperg the Archer (Centaur Arcane Marksman)       Turns: 16140, Time: 03:13:33

Health: -14/77     AC: 15    Str: 13    XL:     10   Next: 47%
Magic:  20/20      EV:  1    Int: 14    God:    Fedhas [***...]
Gold:   661        SH:  0    Dex: 11    Spells: 17/23 levels left

rFire    . . .     SeeInvis .   b - +2 short sword (protect)
rCold    . . .     Gourm    .   (no shield)
rNeg     . . .     Faith    .   l - +2 robe {MR+}
rPois    .         Spirit   .   N - +1 hat
rElec    .         Reflect  .   R - +0 cloak
rCorr    .         Harm     .   (no gloves)
MR       +....                  (no barding)
Stlth    ++........             (no amulet)
HPRegen  0.22/turn              q - ring of stealth
MPRegen  0.17/turn              (no ring)

@: paralysed, lethally poisoned (-14 -> -30), protection aura, slowed, very
quick
A: large, hooves 3, deformed body, speed 2, tough skin 3
a: Wall of Briars, Grow Ballistomycete, Renounce Religion


You were on level 9 of the Dungeon.
You worshipped Fedhas.
Fedhas was most pleased with you.
You were very hungry.

You visited 2 branches of the dungeon, and saw 10 of its levels.
You also visited: Ossuary.

You collected 661 gold pieces.

Inventory:

Hand Weapons
 a - a +0 shortbow
 b - a +2 short sword of protection (weapon)
 n - a +0 hunting sling
 p - a +3 flail
 I - a +0 hand axe of freezing
 J - a +2 hand axe of chopping
 P - a +2 quarterstaff of speed
Missiles
 d - 149 arrows
 g - 26 poisoned darts (quivered)
 s - 16 sling bullets
 w - 128 bolts
 C - 2 atropa-tipped darts
 E - 314 stones
Armour
 l - a +2 robe of magic resistance (worn)
 N - a +1 hat (worn)
 Q - a +2 leather armour of positive energy
 R - a +0 cloak (worn)
Jewellery
 q - a ring of stealth (left hand)
Wands
 D - a wand of flame (23)
 L - a wand of digging (1)
 O - a wand of acid (14)
 T - a wand of iceblast (1)
Scrolls
 h - 6 scrolls of teleportation
 m - a scroll of magic mapping {unknown}
 r - 2 scrolls of enchant armour
 x - a scroll of fear {unknown}
 y - a scroll of blinking {unknown}
 z - 4 scrolls of remove curse
 B - 5 scrolls of enchant weapon
 K - 4 scrolls of immolation
Potions
 c - 3 potions of lignification {unknown}
 e - 2 potions of cancellation
 i - 3 potions of flight {unknown}
 j - a potion of haste
 k - 3 potions of agility
 o - a potion of resistance {unknown}
 t - a potion of berserk rage {unknown}
 u - 3 potions of heal wounds
 v - a potion of magic {unknown}
 A - 3 potions of curing
 F - 3 potions of brilliance {unknown}
 G - a potion of mutation {unknown}
 H - 3 potions of might
Miscellaneous
 S - a box of beasts
Comestibles
 f - 17 rations


   Skills:
 * Level 3.1 Fighting
 + Level 11.6 Bows
 - Level 1.3 Dodging
 - Level 7.0 Spellcasting
 - Level 6.0 Hexes
 - Level 6.0 Translocations


You had 17 spell levels left.
You knew the following spells:

 Your Spells              Type           Power        Failure   Level  Hunger
a - Corona                Hex            ###....      1%          1    None
b - Slow                  Hex            ###.....     1%          2    #......
c - Portal Projectile     Hex/Tloc       ###...       3%          3    ##.....

Your spell library contained the following spells:

 Spells                   Type           Power        Failure   Level  Hunger
 Inner Flame              Hex/Fire       ##......     12%         3    ##.....
 Cause Fear               Hex            ###.......   12%         4    ####...
 Freeze                   Ice            #...         14%         1    None
 Throw Frost              Conj/Ice       #.....       22%         2    #......
 Ozocubu's Armour         Chrm/Ice       #.......     38%         3    ##.....
 Leda's Liquefaction      Hex/Erth       ##........   38%         4    ####...
 Summon Ice Beast         Ice/Summ       #.......     80%         4    ####...
 Throw Icicle             Conj/Ice       #.......     80%         4    ####...


Dungeon Overview and Level Annotations

Branches:
Dungeon (9/15)             Temple (1/1) D:6            Lair (0/6) D:8
Ossuary (visited)
    Orc: D:9-12

Altars:
Ashenzari
Cheibriados
Dithmenos
Elyvilon
Fedhas
Gozag
Hepliaklqana
Kikubaaqudgha
Makhleb
Nemelex Xobeh
Okawaru
Qazlal
Ru
Sif Muna
Trog
Uskayaw
Vehumet
Wu Jian
Xom
Yredelemnul
Zin
The Shining One

Shops:
D:5 =

Annotations:
D:5 2 runed translucent doors


Innate Abilities, Weirdness & Mutations

You have hooves in place of feet.
Armour fits poorly on your strangely shaped body.
You cover ground very quickly.
You have extremely tough skin. (AC +3)


Message History

You feel yourself slow down. The hornet stings you!
* * * LOW HITPOINT WARNING * * *
You feel as though you will be slow longer.
You closely miss the hornet.
The hornet is moderately wounded.
* * * LOW HITPOINT WARNING * * *
You feel very sick. The hornet barely misses you.
The hornet closely misses you.
You hit the hornet.
The hornet is heavily wounded.
You are feeling very hungry.
* * * LOW HITPOINT WARNING * * *
You feel very sick.
The hornet looks more healthy.
The hornet stings you but does no damage.
The hornet stings you!
* * * LOW HITPOINT WARNING * * *
You suddenly lose the ability to move!
The hornet stings you!
You die...
Fedhas appreciates your contribution to the ecosystem.

#......# #....
##'##### ###.. #.#
### ##.# #..# ##
##.## #. #..# #.
##'######## #####'
#@y=.(..(.# #.....
#........(###.....
#...).....'.'.....
#..)......###.....
#.........# #..###
#######'#####..#..
###.# #....#..
#...# #.##....
####'#####.##.#..


You could see a hornet.

Vanquished Creatures
  A two-headed ogre (D:6)
  Pikel (D:3)
  Maurice (D:8)
  Joseph (D:8)
  Prince Ribbit (D:5)
  A spriggan (D:7)
  A yak (D:8)
  A wyvern (D:9)
  3 wargs
  A water moccasin (D:6)
  Duvessa (D:4)
  An ice beast (D:5)
  A sky beast (D:6)
  3 black bears
  An orc warrior (D:5)
  2 ogres
  3 centaurs
  2 big kobolds
  2 scorpions
  Dowan (D:4)
  A killer bee (D:9)
  3 wights (D:7)
  2 howler monkeys (D:4)
  A centaur zombie (D:9)
  6 crimson imps
  2 hounds
  A bullfrog skeleton (D:5)
  3 jellies
  4 orc priests
  3 centaur skeletons
  2 iguanas
  3 orc wizards
  5 worker ants
  A big kobold zombie (Ossuary)
  A hound skeleton (D:8)
  8 mummies (Ossuary)
  10 gnolls
  3 adders
  An ooze (D:1)
  An adder zombie (D:8)
  A worm (D:2)
  4 dart slugs
  5 leopard geckos
  30 orcs
  6 bats
  7 giant cockroaches
  A gnoll zombie (Ossuary)
  7 goblins
  6 hobgoblins
  13 jackals
  4 quokkas
  4 frilled lizards
  3 hobgoblin zombies (Ossuary)
  A jackal skeleton (D:6)
  15 kobolds
  A kobold zombie (Ossuary)
  A leopard gecko skeleton (D:4)
  2 orc zombies (Ossuary)
  2 rats
203 creatures vanquished.

Notes
Turn   | Place    | Note
-------+----------+-------------------------------------------
     0 | D:1      | Jumperg the Centaur Arcane Marksman began the quest for the
                  | Orb.
     0 | D:1      | Reached XP level 1. HP: 16/16 MP: 2/2
   161 | D:1      | Reached skill level 3 in Bows
   169 | D:1      | Reached XP level 2. HP: 19/23 MP: 3/3
   593 | D:1      | Reached XP level 3. HP: 23/28 MP: 5/5
  1177 | D:2      | Reached XP level 4. HP: 32/35 MP: 4/6
  1220 | D:2      | Reached skill level 4 in Bows
  1653 | D:2      | Found a blossoming altar of Fedhas.
  1663 | D:2      | Became a worshipper of Fedhas Madash
  2119 | D:3      | Reached XP level 5. HP: 26/40 MP: 8/8
  2741 | D:4      | Noticed a slave
  2742 | D:4      | Noticed Pikel
  2742 | D:4      | Noticed a slave
  2742 | D:4      | Noticed a slave
  3189 | D:4      | Reached skill level 5 in Bows
  3463 | D:4      | Noticed Duvessa
  3463 | D:4      | Noticed Dowan
  3573 | D:4      | Killed Dowan
  3573 | D:4      | Reached XP level 6. HP: 45/47 MP: 8/10
  4075 | D:4      | Killed Duvessa
  4194 | D:4      | Noticed a slave
  4589 | D:4      | Reached skill level 6 in Bows
  4738 | D:4      | Reached * piety under Fedhas
  4820 | D:4      | Reached XP level 7. HP: 46/52 MP: 11/11
  5495 | D:3      | Killed Pikel
  5495 | D:3      | Reached skill level 7 in Bows
  5495 | D:3      | Reached skill level 5 in Hexes
  5911 | D:4      | Found a shattered altar of Ashenzari.
  6032 | D:5      | Entered Level 5 of the Dungeon
  6069 | D:5      | Reached XP level 8. HP: 15/59 MP: 14/14
  6206 | D:5      | Found a sand-covered staircase.
  6233 | Ossuary  | Entered an ossuary
  6342 | Ossuary  | Learned a level 2 spell: Slow
  6346 | Ossuary  | Learned a level 3 spell: Portal Projectile
  6873 | D:5      | Found a shimmering blue altar of Sif Muna.
  7000 | D:5      | Found a glowing golden altar of the Shining One.
  7105 | D:5      | Found Guomy's Jewellery Shop.
  7261 | D:5      | Reached skill level 8 in Bows
  7450 | D:4      | Reached skill level 1 in Translocations
  7969 | D:5      | Found a runed translucent door.
  7976 | D:5      | Found a runed translucent door.
  8439 | D:6      | Noticed a two-headed ogre
  8491 | D:6      | Noticed Prince Ribbit
  8622 | D:5      | Killed Prince Ribbit
  8622 | D:5      | Reached skill level 5 in Spellcasting
  8895 | D:6      | Reached ** piety under Fedhas
  9381 | D:6      | Reached XP level 9. HP: 43/64 MP: 17/17
  9848 | D:6      | Killed a two-headed ogre
  9848 | D:6      | Reached skill level 9 in Bows
 10164 | D:6      | Found a staircase to the Ecumenical Temple.
 10256 | D:6      | Found a hazy altar of Hepliaklqana.
 10271 | Temple   | Entered the Ecumenical Temple
 10400 | D:6      | Found a snail-covered altar of Cheibriados.
 10400 | D:6      | Found a sparkling altar of Nemelex Xobeh.
 11328 | D:7      | Reached skill level 5 in Translocations
 11937 | D:8      | Noticed Joseph
 12223 | D:8      | HP: 1/64 [Joseph/sling bullet (12)]
 12989 | D:7      | Reached skill level 10 in Bows
 13115 | D:8      | Found a staircase to the Lair.
 13242 | D:8      | Noticed Maurice
 13427 | D:8      | Reached *** piety under Fedhas
 14006 | D:8      | Killed Joseph
 14006 | D:8      | Reached XP level 10. HP: 61/71 MP: 13/20
 14108 | D:8      | Found a bloodstained altar of Trog.
 15269 | D:8      | Killed Maurice
 15269 | D:8      | Reached skill level 11 in Bows
 16137 | D:9      | Paralysed by a hornet for 1 turns
 16140 | D:9      | HP: 1/77 [hornet (8)]
 16140 | D:9      | Paralysed by a hornet for 2 turns
 16140 | D:9      | Demolished by a hornet

Levels and vault maps discovered:
D:1:      minmay_arrival_stone_box, layout_basic
D:2:      layout_rooms, fedhas_altar_3
D:3:      layout_basic, first_ration
D:4:      layout_gridville, kennysheep_little_box, uniq_pikel, uniq_duvessa
D:5:      lemuel_insect_pit, layout_basic, lemuel_coloured_pillars_altar,
          nicolae_overflow_crystal_walls, lightli_ossuary_entry_decrepit_ruins,
          serial_shops, shop
D:6:      mumra_celtic_spiral_tile, layout_cave_pools, lemuel_crystal_altar,
          gammafunk_temple_overflow_elements, minmay_temple_entry_sparse_star,
          uniq_prince_ribbit1
D:7:      layout_rooms
D:8:      layout_loops_ring, erik_lair_orcish_takeover, the_bakery,
          trog_ov_bears_minmay, uniq_joseph, uniq_maurice
D:9:      layout_roguey, serial_shops, nicolae_shop_window_shopping,
          minmay_chambers_of_fives
Temple:   compressed_dpeg_circular_temple

Skill      XL: |  1  2  3  4  5  6  7  8  9 10 |
---------------+-------------------------------+-----
Bows           | 3 4 5 6 7 8 10 11 | 11.6
Hexes          | 3 4 5 6 |  6.0
Spellcasting   | 2 3 4 5 6 7 |  7.0
Translocations | 3 5 6 |  6.0
Fighting       | 3 |  3.1
Dodging        | |  1.3

Action                   |  1- 3 |  4- 6 |  7- 9 | 10-12 || total
-------------------------+-------+-------+-------+-------++-------
Melee: Dagger            |    16 |       |       |       ||    16
       Kick              |    14 |    15 |    36 |    25 ||    90
       Short sword       |    75 |    29 |   127 |   116 ||   347
       Flail             |       |    43 |    31 |       ||    74
       Whip              |       |       |    27 |       ||    27
       Hand axe          |       |       |    20 |       ||    20
       Quarterstaff      |       |       |       |     6 ||     6
 Fire: Shortbow          |    50 |   129 |   504 |   129 ||   812
Throw: Stone             |     5 |     6 |    21 |       ||    32
       Dart              |       |       |     5 |    20 ||    25
 Cast: Corona            |     2 |    26 |    76 |    11 ||   115
       Slow              |       |       |    29 |    16 ||    45
       Portal Projectile |       |       |     1 |       ||     1
Evoke: Wand              |       |       |     6 |     1 ||     7
  Use: Scroll            |       |     5 |     8 |       ||    13
  Eat: Chunk             |       |     7 |    16 |     5 ||    28
       Ration            |       |     1 |     2 |       ||     3
Armor: Robe              |    34 |    26 |    86 |    61 ||   207
       Leather armour    |       |     6 |     4 |       ||    10
Dodge: Dodged            |    53 |    46 |   121 |    77 ||   297
